 Dungeon Crawl Stone Soup version 0.21-a0-525-ga34b322 (webtiles) character file.

26585 Gerstahl the Fighter (level 12, -8/102 HPs)
             Began as a Demonspawn Gladiator on Dec 7, 2017.
             Was a Priest of Ashenzari.
             Killed from afar by a frost giant (25 damage)
             ... with a bolt of cold
             ... in an ice cave.
             The game lasted 00:32:20 (16202 turns).

Gerstahl the Fighter (Demonspawn Gladiator)        Turns: 16202, Time: 00:32:22

Health: -8/102     AC: 12    Str: 26    XL:     12   Next: 99%
Magic:  18/18      EV: 18    Int: 10    God:    Ashenzari [***...]
Gold:   628        SH:  0    Dex: 17    Spells: 3/11 levels left

rFire    + . .     SeeInvis +   q - +5 battleaxe (freeze) (curse)
rCold    . . .     Gourm    .   (shield currently unavailable)
rNeg     . . .     Faith    .   b - +0 leather armour
rPois    +         Spirit   .   c - +0 helmet
rElec    .         Reflect  .   (no cloak)
rCorr    .         Harm     .   (no gloves)
MR       .....                  (boots unavailable)
Stlth    ++........             (no amulet)
HPRegen  0.27/turn              B - +5 ring of protection (curse)
MPRegen  0.16/turn              o - ring "Egau" {rPois rF+ Str+5 SInv} (curse)

@: no status effects
A: talons 3, iridescent scales 1, camouflage 1, agile 1, demonic guardian 1,
screaming 1, strong 1, rot immunity
a: Curse Item, Scrying, Renounce Religion


You were in an ice cave.
You worshipped Ashenzari.
Ashenzari was most pleased with you.
You were not hungry.

You visited 3 branches of the dungeon, and saw 13 of its levels.
You also visited: Ossuary and Ice Cave.

You collected 628 gold pieces.

Inventory:

Hand Weapons
 a - a +1 war axe
 q - a cursed +5 battleaxe of freezing (weapon)
Armour
 b - a +0 leather armour (worn)
 c - a +0 helmet (worn)
Jewellery
 o - the cursed ring "Egau" (right hand) {rPois rF+ Str+5 SInv}
   (You found it on level 9 of the Dungeon)

   [ring of see invisible]

   It affects your strength (+5).
   It protects you from fire.
   It protects you from poison.
   It lets you see invisible.
   It has a curse placed upon it.
 s - an uncursed ring of protection from fire
 y - an uncursed ring of magical power
 A - a +4 ring of protection
 B - a cursed +5 ring of protection (left hand)
Wands
 l - a wand of iceblast (5)
 z - a wand of polymorph (17)
 C - a wand of digging (15)
 E - a wand of paralysis (9)
 F - a wand of flame (20)
Scrolls
 e - 7 scrolls of remove curse
 n - 9 scrolls of identify
 r - a scroll of random uselessness {unknown}
 t - 4 scrolls of fear
 u - a scroll of enchant weapon
 D - 9 scrolls of amnesia
Potions
 i - 2 potions of cancellation
 j - a potion of magic
 v - a potion of curing
Books
 d - a book of Callings

   Spells                             Type                      Level
   a - Summon Small Mammal            Summoning                    1
   b - Call Imp                       Summoning                    2
   c - Call Canine Familiar           Summoning                    3
   d - Summon Guardian Golem          Hexes/Summoning              3
   e - Summon Lightning Spire         Summoning/Air                4
   f - Summon Ice Beast               Ice/Summoning                4
 g - a book of Geomancy

   Spells                             Type                      Level
   a - Sandblast                      Earth                        1
   b - Passwall                       Transmutation/Earth          2
   c - Stone Arrow                    Conjuration/Earth            3
   d - Petrify                        Transmutation/Earth          4
   e - Lee's Rapid Deconstruction     Earth                        5
 k - the Guide on Dusty Unholy Rituals
   (You found it on level 7 of the Dungeon)

   Spells                             Type                      Level
   a - Passwall                       Transmutation/Earth          2
   b - Control Undead                 Necromancy                   4
   c - Cigotuvi's Embrace             Necromancy                   5
   d - Statue Form                    Transmutation/Earth          6
 w - a book of Air

   Spells                             Type                      Level
   a - Shock                          Conjuration/Air              1
   b - Swiftness                      Charms/Air                   2
   c - Static Discharge               Conjuration/Air              3
   d - Airstrike                      Air                          4
   e - Lightning Bolt                 Conjuration/Air              5
Comestibles
 f - 12 bread rations
 h - 4 royal jellies
 m - 3 meat rations


   Skills:
 + Level 11.9 Fighting
 + Level 11.2(14.7) Axes
 - Level 1.7 Throwing
 + Level 7.2 Armour
 + Level 9.1 Dodging
 - Level 8.1(10.0) Evocations


You had 3 spell levels left.
You knew the following spells:

 Your Spells              Type           Power        Failure   Level  Hunger
a - Statue Form           Tmut/Erth      #........    100%        6    #######
b - Passwall              Tmut/Erth      #.........   52%         2    ###....


Dungeon Overview and Level Annotations

Branches:
Dungeon (10/15)            Temple (1/1) D:4            Lair (2/6) D:8
    Orc (0/2) D:10
  Swamp: Lair:2-4    Shoals: Lair:2-4     Snake: Lair:2-4    Spider: Lair:2-4

Altars:
Ashenzari
Cheibriados
Dithmenos
Elyvilon
Fedhas
Gozag
Hepliaklqana
Kikubaaqudgha
Makhleb
Nemelex Xobeh
Okawaru
Qazlal
Ru
Sif Muna
Trog
Uskayaw
Vehumet
Wu Jian
Xom
Yredelemnul
Zin
The Shining One

Shops:
D:4 =   D:6 %   D:8 %

Annotations:
D:2 exclusion: oklob plant
D:7 Nattefrost's ghost, amateur FoFi
D:10 1 runed door
Lair:1 exclusion: 2 oklob plants


Innate Abilities, Weirdness & Mutations

You have claws for feet.
You are partially covered in iridescent scales. (AC +2)
A weak demonic guardian rushes to your aid.
You are immune to rotting.
Your skin changes colour to match your surroundings (Stealth+).
You are agile. (Dex +2)
You occasionally shout uncontrollably at your foes.
Your muscles are strong. (Str +2)


Message History

Your frost giant is engulfed in freezing vapours.
You feel better.
Your frost giant casts a spell at the frost giant.
The bolt of cold hits the frost giant.
The frost giant resists.
Your frost giant is engulfed in freezing vapours.
The frost giant hits your frost giant with a battleaxe of freezing!!!
The frost giant freezes your frost giant.
You feel better.
Your frost giant gestures at the frost giant while chanting.
The bolt of cold hits the frost giant.
The frost giant resists.
You swap places.
The frost giant hits you with a battleaxe of freezing!!
* * * LOW HITPOINT WARNING * * *
The frost giant freezes you!
* * * LOW HITPOINT WARNING * * *
You slice the frost giant!! You claw the frost giant.
The frost giant is severely wounded.
The frost giant points at you and mumbles some strange words.
The bolt of cold hits you!
You die...

≈≈ ≈≈ #..... #≈ ≈≈ #....***
#* * ##... # ≈ ≈ *##††#
###*≈≈ #..## ..##≈≈≈###..###
.##≈≈≈≈≈≈##...### ###
.#≈≈≈≈≈≈≈≈#.##.C#####≈###
##≈≈≈≈≈≈≈≈≈≈.#.#@C##.#..###
##≈≈≈≈≈≈≈##.#.####C.####÷.#
.##≈≈≈≈≈≈≈##[.####### #..###
####≈≈≈# ≈####...### ##...##
###≈≈≈######....#...###..⌠..#
##†≈##..##.....####..###...##
.÷######......## ##......##
### ######## ########


You could see a frost giant and 2 friendly frost giants.

Vanquished Creatures
  A hydra (D:9)
  Erica (D:8)
  4 two-headed ogres
  Pikel (D:8)
  An ugly thing (D:7)
  A black mamba (Lair:1)
  An ice statue (IceCv)
  Maurice (D:8)
  3 spiny frogs
  A komodo dragon (Lair:2)
  A rime drake (IceCv)
  15 polar bears (IceCv)
  Prince Ribbit (D:7)
  A hornet (D:8)
  2 hippogriffs
  9 blink frogs
  2 wraiths
  21 yaks
  Sigmund (D:6)
  2 hungry ghosts (D:10)
  3 two-headed ogre zombies (D:10)
  2 soldier ants (D:8)
  4 water moccasins
  5 porcupines
  An orc warrior (D:7)
  3 slaves (D:8)
  3 ice beasts
  5 sky beasts
  2 necrophages
  5 phantoms
  The ghost of Soeti the Skirmisher, an amateur DsBe of Trog (D:4)
  24 wolves
  4 ogres
  3 centaurs
  2 crocodiles
  2 big kobolds
  An elf zombie (Ossuary)
  11 bullfrogs
  A water moccasin skeleton (D:10)
  2 scorpions
  11 wights
  5 crimson imps
  2 centaur zombies
  A quasit (D:8)
  2 centaur skeletons
  4 hounds
  2 bullfrog zombies
  A human zombie (Ossuary)
  2 orc priests (D:8)
  An iguana (D:4)
  11 worker ants
  7 orc wizards
  A killer bee zombie (D:7)
  5 ogre zombies (D:10)
  A hound zombie (D:5)
  3 hound skeletons
  3 mummies (Ossuary)
  2 worker ant zombies (D:8)
  A howler monkey skeleton (D:8)
  9 adders
  5 gnolls
  A shadow imp (D:10)
  12 white imps (Lair:2)
  3 oozes
  2 adder skeletons
  An adder zombie (D:9)
  4 worms
  3 dart slugs (D:1)
  A leopard gecko (D:3)
  38 orcs
  6 giant cockroaches
  A gnoll zombie (Ossuary)
  8 goblins
  6 hobgoblins
  22 jackals
  6 kobolds
  A quokka (D:9)
  9 bats
  3 frilled lizards
  2 goblin skeletons (D:10)
  4 goblin zombies
  3 hobgoblin skeletons (D:10)
  4 hobgoblin zombies
  3 kobold zombies (Ossuary)
  An orc skeleton (D:10)
  13 orc zombies (D:10)
  A quokka zombie (D:4)
  6 rats
  A fungus (Lair:2)
  A plant (Lair:1)
399 creatures vanquished.

Vanquished Creatures (collateral kills)
  2 hydras
  A polar bear (IceCv)
  2 hippogriffs
  Eustachio (D:4)
  A sky beast (D:7)
  An orc warrior (D:6)
  2 ogres
  A wight (D:7)
  2 orc priests
  3 orcs
  An orc zombie (D:10)
17 creatures vanquished.

Vanquished Creatures (others)
  A wizard (D:5)
  2 yaks (IceCv)
  A wolf (IceCv)
  3 fungi (Lair:2)
  5 plants
12 creatures vanquished.

Grand Total: 428 creatures vanquished

Notes
Turn   | Place    | Note
-------+----------+-------------------------------------------
     0 | D:1      | Gerstahl the Demonspawn Gladiator began the quest for the Orb.
     0 | D:1      | Reached XP level 1. HP: 16/16 MP: 1/1
    66 | D:1      | Gained mutation: You have sharp toenails. [demonic ancestry]
    66 | D:1      | Reached XP level 2. HP: 16/23 MP: 2/2
   177 | D:1      | Gained mutation: A weak demonic guardian rushes to your aid. [demonic ancestry]
   177 | D:1      | Reached XP level 3. HP: 21/28 MP: 3/3
   937 | D:2      | Gained mutation: You are partially covered in iridescent scales. (AC +2) [demonic ancestry]
   937 | D:2      | Reached XP level 4. HP: 23/35 MP: 4/4
  1409 | D:2      | Found a bloodstained altar of Trog.
  1507 | D:2      | Found a blossoming altar of Fedhas.
  1519 | D:2      | Noticed an oklob plant
  1872 | D:3      | Gained mutation: You have razor-sharp toenails. [demonic ancestry]
  1872 | D:3      | Reached XP level 5. HP: 24/42 MP: 5/5
  2839 | D:4      | Found a sand-covered staircase.
  2861 | Ossuary  | Entered an ossuary
  2861 | Ossuary  | Noticed a wraith
  2861 | Ossuary  | Noticed a wraith
  2861 | Ossuary  | Noticed a wraith
  2897 | Ossuary  | Reached XP level 6. HP: 44/49 MP: 6/6
  3168 | Ossuary  | Reached skill level 5 in Axes
  3328 | Ossuary  | Reached skill level 5 in Fighting
  3338 | Ossuary  | Noticed a wraith
  3345 | Ossuary  | Killed a wraith
  3492 | D:4      | Found a basalt altar of Yredelemnul.
  3530 | D:4      | Noticed an ice beast
  3532 | D:4      | Noticed Soeti's ghost (amateur DsBe)
  3534 | D:4      | Gained mutation: You have claws for feet. [demonic ancestry]
  3534 | D:4      | Reached XP level 7. HP: 56/56 MP: 7/7
  3551 | D:4      | Killed Soeti's ghost
  3814 | D:4      | Noticed Eustachio
  3912 | D:4      | Found Siuculipt's Jewellery Shop.
  3930 | D:4      | Killed Eustachio
  3995 | D:4      | Found a staircase to the Ecumenical Temple.
  4090 | D:4      | Gained mutation: You are immune to rotting. [demonic ancestry]
  4090 | D:4      | Reached XP level 8. HP: 48/65 MP: 8/8
  4141 | Temple   | Entered the Ecumenical Temple
  4318 | D:5      | Entered Level 5 of the Dungeon
  4327 | D:5      | Found a shattered altar of Ashenzari.
  4334 | D:5      | Became a worshipper of Ashenzari the Shackled
  4374 | D:5      | Found a bloodstained altar of Trog.
  4375 | D:5      | Noticed a wizard
  4380 | D:5      | Killed a wizard
  4413 | D:5      | Found a sacrificial altar of Ru.
  5422 | D:6      | Found Gady's Food Shop.
  5436 | D:6      | Noticed Sigmund
  5893 | D:6      | Reached skill level 1 in Evocations
  6184 | D:6      | Killed Sigmund
  6545 | D:6      | Reached XP level 9. HP: 74/74 MP: 10/10
  6746 | D:7      | Noticed Nattefrost's ghost (amateur FoFi)
  6760 | D:7      | Found a shimmering altar of Xom.
  6760 | D:7      | Found a shimmering altar of Xom.
  6781 | D:7      | Noticed a two-headed ogre
  7061 | D:7      | Killed a two-headed ogre
  7062 | D:7      | Reached * piety under Ashenzari
  7183 | D:7      | Noticed Prince Ribbit
  7215 | D:7      | Noticed a faun
  7224 | D:7      | Noticed a wolf spider
  7224 | D:7      | a faun changed into a wolf spider
  7240 | D:7      | Noticed a satyr
  7240 | D:7      | a wolf spider changed into a satyr
  7321 | D:7      | Noticed a seven-headed hydra
  7321 | D:7      | a satyr changed into a seven-headed hydra
  7333 | D:7      | Noticed an orb spider
  7333 | D:7      | a black bear changed into an orb spider
  7368 | D:7      | Noticed an entropy weaver
  7368 | D:7      | a seven-headed hydra changed into an entropy weaver
  7378 | D:7      | an entropy weaver changed into something unseen
  7443 | D:7      | Found a large runed door.
  7451 | D:7      | Found a large runed door.
  7455 | D:7      | Found a large runed door.
  7455 | D:7      | Found a large runed door.
  7466 | D:7      | Identified the Guide on Dusty Unholy Rituals
  7492 | D:7      | Reached skill level 5 in Dodging
  7500 | D:7      | Noticed a white ugly thing
  7511 | D:7      | Killed a white ugly thing
  7730 | D:7      | Reached XP level 10. HP: 83/83 MP: 13/13
  7873 | D:7      | Killed Prince Ribbit
  7873 | D:7      | Reached skill level 1 in Armour
  8060 | D:7      | Noticed a sphinx
  8071 | D:7      | Noticed a stone giant
  8071 | D:7      | a sphinx changed into a stone giant
  8100 | D:7      | Noticed a spiny frog
  8339 | D:8      | Found Voido's Food Emporium.
  8342 | D:8      | Reached skill level 5 in Evocations
  8422 | D:8      | Found a sparkling altar of Nemelex Xobeh.
  8423 | D:8      | Noticed Maurice
  8440 | D:8      | Killed Maurice
  8599 | D:8      | Found a staircase to the Lair.
  8890 | D:8      | Noticed Erica
  8988 | D:8      | Killed Erica
  9116 | D:8      | Noticed a two-headed ogre
  9121 | D:8      | Killed a two-headed ogre
  9268 | D:8      | Noticed Pikel
  9274 | D:8      | Killed Pikel
  9276 | D:8      | Reached skill level 10 in Fighting
  9435 | D:8      | Found a shimmering altar of Xom.
  9728 | D:8      | Reached XP level 11. HP: 74/90 MP: 15/15
  9920 | D:9      | Identified the ring "Egau" {rPois rF+ Str+5 SInv}
  9954 | D:9      | Noticed a five-headed hydra
 10215 | D:9      | Reached ** piety under Ashenzari
 10259 | D:9      | Noticed a two-headed ogre
 10264 | D:9      | Killed a two-headed ogre
 10514 | D:9      | Noticed a two-headed ogre
 10521 | D:9      | Killed a two-headed ogre
 11034 | D:9      | Killed an eight-headed hydra
 11462 | D:10     | Entered Level 10 of the Dungeon
 11710 | D:10     | Reached skill level 10 in Axes
 11717 | D:10     | Found a glowing golden altar of the Shining One.
 11719 | D:10     | Noticed an angel
 11780 | D:10     | Found a staircase to the Orcish Mines.
 11814 | D:10     | Noticed a seven-headed hydra
 11821 | D:10     | Killed a ten-headed hydra
 11821 | D:10     | Reached skill level 5 in Armour
 11886 | D:10     | Found a runed door.
 12005 | D:10     | Reached *** piety under Ashenzari
 12139 | Lair:1   | Entered Level 1 of the Lair of Beasts
 12490 | Lair:1   | Noticed a five-headed hydra
 12497 | Lair:1   | Killed a six-headed hydra
 12497 | Lair:1   | Reached XP level 12. HP: 23/99 MP: 17/17
 12928 | Lair:1   | Learned a level 6 spell: Statue Form
 13846 | Lair:2   | Found a frozen archway.
 14162 | IceCv    | Entered an ice cave
 14557 | IceCv    | Learned a level 2 spell: Passwall
 16163 | IceCv    | Noticed a frost giant
 16195 | IceCv    | Gained mutation: Your muscles are strong. (Str +2) [potion of mutation]
 16195 | IceCv    | Gained mutation: You are agile. (Dex +2) [potion of mutation]
 16195 | IceCv    | Gained mutation: You occasionally shout uncontrollably at your foes. [potion of mutation]
 16195 | IceCv    | Gained mutation: Your skin changes colour to match your surroundings (Stealth+). [potion of mutation]
 16202 | IceCv    | Killed from afar by a frost giant

Vault maps used:
D:1:      arrival_zaba_pyramid, st_stairs_4, amethyst_killhole
D:2:      tgw_fedhas, lemuel_doored_altar
D:3:      serial_corexii_hall, corexii_hall_statues_s, corexii_hall_statues_u,
          chequers_big_river, minmay_misc_feat_rows, kennysheep_generic_room_5
D:4:      lemuel_round_altar, minmay_temple_entry_statues_fountains,
          serial_shops, nicolae_shop_trees, enter_ossuary_4, serial_glass,
          glass_columns_b, glass_columns_a, glass_columns_b, glass_columns_a,
          feat_on_display, first_bread, uniq_eustachio
D:5:      evilmike_ruin_ashenzari, basic_altar, serial_glass, glass_columns_a,
          glass_columns_c, grunt_decor_resistance, trog_wizard
D:6:      serial_shops, shop, minmay_strange_pillars, eino_tiny_chamber,
          uniq_sigmund
D:7:      xom_shifter_show, minmay_hollow_rounded_squares, uniq_prince_ribbit1
D:8:      nemelex_xobeh_ov_fountains_minmay, lair_entry_dummy, basic_altar,
          serial_shops, shop_statue, hangedman_pestilent_swarm, uniq_erica,
          uniq_pikel, uniq_maurice
D:10:     zombieorc2_lemuel, lemuel_angel_altar
Temple:   compressed_dpeg_circular_temple
Lair:1:   minivault_24, minmay_lair_oklob_chamber
Lair:2:   minmay_shoals_entry_hut, spider_nest_entry_rubble,
          portal_ice_cave_entry_imps, serial_bayou_crossing
Ossuary:  ossuary_kennysheep_city_of_the_dead
IceCv:    ice_cave_caverns_02

Skill      XL: |  1  2  3  4  5  6  7  8  9 10 11 12 |
---------------+-------------------------------------+-----
Axes           | 3 4 5 6 7 8 9 10 11 | 11.2
Fighting       | 3 4 5 6 8 9 10 11 | 11.9
Dodging        | 3 5 6 7 9 |  9.1
Evocations     | 2 4 6 7 8 |  8.1
Armour         | 3 5 7 |  7.2
Throwing       | |  1.7

Action                   |  1- 3 |  4- 6 |  7- 9 | 10-12 || total
-------------------------+-------+-------+-------+-------++-------
Melee: War axe           |    77 |   163 |   270 |   129 ||   639
       Kick              |    14 |    43 |    87 |   197 ||   341
       Battleaxe         |       |       |       |   494 ||   494
       Unarmed           |       |       |       |     9 ||     9
Throw: Throwing net      |       |       |     8 |     2 ||    10
Invok: Curse Item        |       |       |     2 |     2 ||     4
Evoke: Wand              |       |       |     5 |     9 ||    14
  Use: Potion            |       |     2 |    11 |     8 ||    21
       Scroll            |       |       |    12 |     6 ||    18
 Stab: Sleeping          |       |     3 |     3 |     2 ||     8
       Distracted        |       |     1 |     3 |     4 ||     8
       Held in net/web   |       |       |     3 |     1 ||     4
  Eat: Chunk             |       |     5 |     6 |    11 ||    22
       Fruit             |       |     1 |       |     1 ||     2
       Meat ration       |       |     1 |     1 |     3 ||     5
       Royal jelly       |       |       |       |     2 ||     2
Armor: Leather armour    |    29 |    51 |    93 |   233 ||   406
       Skin              |       |       |       |     1 ||     1
Dodge: Dodged            |    61 |    93 |   164 |   507 ||   825

Table legend:
 A = Spawn XP
 B = Non-spawn XP
 C = Spawn XP percentage of total XP
 D = Spawn monster count
 E = Non-spawn monster count
 F = Spawn count percentage of total count
 G = Total turns spent on level
                    A         B        C        D         E        F      G
               +---------+---------+-------+---------+---------+-------+---------
         Total |       0 |   37979 |   0.0 |       0 |     411 |   0.0 | 16202
               +---------+---------+-------+---------+---------+-------+---------
           D:1 |       0 |      66 |   0.0 |       0 |      29 |   0.0 |   744
           D:2 |       0 |      80 |   0.0 |       0 |      27 |   0.0 |   962
           D:3 |       0 |     133 |   0.0 |       0 |      27 |   0.0 |  1018
           D:4 |       0 |     858 |   0.0 |       0 |      18 |   0.0 |   902
           D:5 |       0 |     168 |   0.0 |       0 |       5 |   0.0 |   880
           D:6 |       0 |    1211 |   0.0 |       0 |      30 |   0.0 |  1497
           D:7 |       0 |    3442 |   0.0 |       0 |      34 |   0.0 |  1639
           D:8 |       0 |    4839 |   0.0 |       0 |      53 |   0.0 |  1569
           D:9 |       0 |    3846 |   0.0 |       0 |      21 |   0.0 |  1604
          D:10 |       0 |    4465 |   0.0 |       0 |      54 |   0.0 |   632
        Lair:1 |       0 |    3959 |   0.0 |       0 |      16 |   0.0 |  1611
        Lair:2 |       0 |    4402 |   0.0 |       0 |      37 |   0.0 |   412
       Ossuary |       0 |     411 |   0.0 |       0 |      12 |   0.0 |   618
         IceCv |       0 |   10099 |   0.0 |       0 |      48 |   0.0 |  2040
               +---------+---------+-------+---------+---------+-------+---------
